Blues vs Bruins (R1)

Created - October 27, 2018 at 22:48

Goals
1 2 3 T
Blues 2 2 1 5
Bruins 2 0 0 2
Shots
1 2 3 T
Blues 13 14 11 38
Bruins 14 12 7 33

1st period

1. Blues , David Perron 5 (Jason Pominville 4, Nicklas Backstrom 10) at 9:09
2. Bruins , Henrik Sedin 3 (Shane O'Brien 5) at 10:49 (SH)
3. Bruins , Andrew Alberts 1 (Wojtek Wolski 3, Henrik Sedin 4) at 14:42 (PP)
4. Blues , David Perron 6 (Nick Leddy 1, Nicklas Backstrom 11) at 17:51

Penalties :
Nikolai Zherdev (Bos) for Hooking (Minor) at 10:35, Jason Pominville (STL) for High sticking (Minor) at 10:54, Alex Pietrangelo (STL) for Hooking (Minor) at 14:29

2nd period

5. Blues , Patrick Kaleta 2 (Alex Pietrangelo 10, Logan Couture 1) at 5:23
6. Blues , Travis Zajac 5 (Alex Pietrangelo 11, Jake Gardiner 3) at 12:00 (SH)

Penalties :
Jason Pominville (STL) for Goalie Interference (Minor) at 7:27, Jason Pominville (STL) for High sticking (Minor) at 10:17, Sergei Shirokov (STL) for Elbowing (Minor) at 13:12, David Perron (STL) for Cross-checking (Minor) at 15:56, Nick Leddy (STL) for Boarding (Minor) at 18:56

3rd period

7. Blues , Jason Pominville 4 (Nicklas Backstrom 12) at 5:30

Penalties :
Wojtek Wolski (Bos) for Hooking (Minor) at 6:26, Yann Sauvé (STL) for Hooking (Minor) at 9:26

Goalie Stats

Ray Emery (STL), 31 saves from 33 shots - (0.939), W, 1-1-0, 60:00 minutes
Kevin Poulin (Bos), 33 saves from 38 shots - (0.868), L, 2-5-0, 60:00 minutes

Players Stats for Blues

Player Name              G  A  P  +/- PIM S  H  SB GA TA FO     MP     PP MP  PK MP  
------------------------------------------------------------------------------------
Alex Pietrangelo         0  2  2   2  2   4  2  0  1  0  0/0    28:57   1:29   6:59 
Bryce Lampman            0  0  0   1  0   2  1  3  0  1  0/0    24:04   0:49   7:25 
Cody Ceci                0  0  0   2  0   1  1  0  0  0  0/0    12:34   0:00   0:57 
David Perron             2  0  2   2  2   6  0  0  0  1  1/3    18:34   1:21   1:35 
Filip Forsberg           0  0  0   0  0   4  2  0  0  1  0/1    12:27   0:00   0:00 
George Parros            0  0  0   0  0   0  1  0  0  1  0/0     6:52   0:03   0:00 
Jake Gardiner            0  1  1   1  0   0  3  0  0  0  0/0    24:41   1:29   5:14 
Jason Pominville         1  1  2   2  6   2  2  1  0  0  0/0    16:14   1:20   0:00 
Linus Omark              0  0  0   0  0   0  2  0  0  0  0/1     6:07   0:00   0:00 
Logan Couture            0  1  1   1  0   1  2  0  0  0  4/16   18:05   0:03   7:08 
Milan Michalek           0  0  0   2  0   4  2  0  1  0  0/0    13:56   0:54   3:45 
Nick Leddy               0  1  1   2  2   2  0  0  0  0  0/0    12:41   0:49   0:00 
Nicklas Backstrom        0  3  3   2  0   0  0  0  1  0  11/25  18:04   1:21   1:30 
Patrick Kaleta           1  0  1   1  0   4  2  0  0  1  0/0    17:01   0:03   7:06 
Sergei Shirokov          0  0  0   0  2   3  2  0  0  0  2/2    13:21   0:54   0:00 
Tomas Plekanec           0  0  0   0  0   0  0  0  0  0  0/1     6:07   0:00   0:00 
Travis Zajac             1  0  1   1  0   4  1  0  0  1  9/15   18:04   0:54   3:48 
Yann Sauvé               0  0  0   0  2   1  1  0  0  1  0/0    17:57   0:00   4:17 

Players Stats for Bruins

Player Name              G  A  P  +/- PIM S  H  SB GA TA FO     MP     PP MP  PK MP  
------------------------------------------------------------------------------------
Andrew Alberts           1  0  1  -1  0   1  2  2  0  0  0/0    18:41   4:33   0:58 
Cam Fowler               0  0  0  -1  0   0  1  0  0  0  0/0    18:41   4:33   0:58 
Casey Cizikas            0  0  0   0  0   1  1  0  0  0  1/2     9:00   0:00   0:57 
Dave Bolland             0  0  0   0  0   0  1  0  1  0  4/5    10:19   0:07   0:17 
Henrik Sedin             1  1  2   0  0   6  1  0  0  0  20/35  22:31   6:55   1:21 
Jason Demers             0  0  0  -3  0   2  3  2  0  0  0/0    29:18   7:53   1:20 
Kevin Bieksa             0  0  0   0  0   0  0  1  0  0  0/0    12:01   0:00   0:00 
Kris Chucko              0  0  0   0  0   2  2  0  0  0  0/0     8:58   0:00   0:55 
Matt Cooke               0  0  0  -1  0   2  2  1  1  0  0/0    14:22   5:05   0:02 
Nate Prosser             0  0  0   0  0   0  1  0  0  0  0/0    12:01   0:00   0:00 
Nathan Horton            0  0  0  -1  0   2  2  0  1  1  1/2    21:28   7:14   0:00 
Nikolai Zherdev          0  0  0   0  2   1  0  0  0  0  0/0     8:42   0:19   0:00 
Rene Bourque             0  0  0   0  0   2  0  0  0  0  1/1    10:03   0:00   0:45 
Shane O'Brien            0  1  1  -3  0   4  4  1  0  1  0/0    29:18   7:53   1:20 
Tim Connolly             0  0  0  -4  0   4  1  0  1  0  8/12   18:44   5:24   0:00 
Victor Oreskovich        0  0  0  -4  0   1  0  0  2  0  0/2    17:18   5:05   0:00 
Viktor Stalberg          0  0  0  -3  0   3  1  0  0  0  0/0    12:55   0:07   0:00 
Wojtek Wolski            0  1  1   0  2   2  1  0  1  1  2/5    21:40   7:02   0:19 

3 Stars

1 - David Perron (STL)
2 - Nicklas Backstrom (STL)
3 - Patrick Kaleta (STL)

Power Play

Blues - 0 on 2 Attempt(s) - 0.00%
Bruins - 1 on 8 Attempt(s) - 12.50%

Penalty Kill

Blues - 7 on 8 Attempt(s) - 87.50% - Score 1 goal in Penalty Kill
Bruins - 2 on 2 Attempt(s) - 100.00% - Score 1 goal in Penalty Kill

Team Stat

Blues - Hits : 24 - Faceoff Wins : 27 - Blocked Shots : 4 - Penalty Minutes : 16
Bruins - Hits : 23 - Faceoff Wins : 37 - Blocked Shots : 7 - Penalty Minutes : 4

Official

Referees : Unknown
Linesman : Unknown

Game Notes

No Game Note

Finance

Level 1 -- Attendance: 4158 (69.30%) -- Ticket Income $432,432
Level 2 -- Attendance: 3400 (68.00%) -- Ticket Income $217,600
Level 3 -- Attendance: 1943 (97.15%) -- Ticket Income $66,062
Level 4 -- Attendance: 3937 (98.43%) -- Ticket Income $94,488
Luxury Box -- Attendance: 627 (62.70%) -- Ticket Income $121,638
Game was played at the TD Banknorth Garden.
Total Attendance: 14065 (78.14%)
Total Ticket Income: $932,220
Other Income: $139,833
Total Income: $1,072,053

Blues

5 vs 5 Forward 
   Center                   Left Wing                Right Wing               Time % Phy DF OF 
 1 Nicklas Backstrom        David Perron             Jason Pominville         40     1   2  2  
 2 Travis Zajac             Filip Forsberg           Sergei Shirokov          30     1   2  2  
 3 Logan Couture            Milan Michalek           Patrick Kaleta           20     1   2  2  
 4 Tomas Plekanec           Linus Omark              George Parros            10     1   2  2  

5 vs 5 Defense 
   Defense                  Defense                                           Time % Phy DF OF 
 1 Alex Pietrangelo         Jake Gardiner                                     40     1   2  2  
 2 Bryce Lampman            Yann Sauvé                                        30     1   2  2  
 3 Nick Leddy               Cody Ceci                                         20     1   2  2  
 4 Alex Pietrangelo         Bryce Lampman                                     10     1   2  2  

PowerPlay Forward 
   Center                   Left Wing                Right Wing               Time % Phy DF OF 
 1 Nicklas Backstrom        David Perron             Jason Pominville         60     1   2  2  
 2 Travis Zajac             Milan Michalek           Sergei Shirokov          40     1   2  2  

PowerPlay Defense
   Defense                  Defense                                           Time % Phy DF OF 
 1 Alex Pietrangelo         Jake Gardiner                                     60     1   2  2  
 2 Nick Leddy               Bryce Lampman                                     40     1   2  2  

Penalty Kill 4 Players Forward 
   Center                   Wing                     Time % Phy DF OF 
 1 Logan Couture            Patrick Kaleta           60     1   2  2  
 2 Travis Zajac             Milan Michalek           40     1   2  2  

Penalty Kill 4 Players Defense
   Defense                  Defense                  Time % Phy DF OF 
 1 Alex Pietrangelo         Bryce Lampman            60     1   2  2  
 2 Jake Gardiner            Yann Sauvé               40     1   2  2  

Penalty Kill - 3 Players Forward 
   Forward                                           Time % Phy DF OF 
 1 Travis Zajac                                      60     1   2  2  
 2 Milan Michalek                                    40     1   2  2  

Penalty Kill - 3 Players Defense
   Defense                  Defense                  Time % Phy DF OF 
 1 Alex Pietrangelo         Bryce Lampman            60     1   2  2  
 2 Jake Gardiner            Yann Sauvé               40     1   2  2  

4 vs 4 Forward 
   Center                   Wing                     Time % Phy DF OF 
 1 Nicklas Backstrom        David Perron             60     1   2  2  
 2 Travis Zajac             Jason Pominville         40     1   2  2  

4 vs 4 Defense
   Defense                  Defense                  Time % Phy DF OF 
 1 Alex Pietrangelo         Bryce Lampman            60     1   2  2  
 2 Jake Gardiner            Yann Sauvé               40     1   2  2  

Last Minutes Offensive
   Center                   Left Wing                Right Wing               Defense                  Defense                  
   Nicklas Backstrom        David Perron             Jason Pominville         Alex Pietrangelo         Jake Gardiner            

Last Minutes Defensive
   Center                   Left Wing                Right Wing               Defense                  Defense                  
   Travis Zajac             Milan Michalek           Patrick Kaleta           Alex Pietrangelo         Bryce Lampman            

Goaltenders
Starting : Ray Emery                
Backup : Carey Price              

Extra Forwards
Normal : Logan Couture, George Parros, Patrick Kaleta - PP : Logan Couture, George Parros - PK : Patrick Kaleta
Extra Defensemen
Normal : Nick Leddy, Cody Ceci, Jake Gardiner - PP : Nick Leddy - PK : Cody Ceci, Jake Gardiner
Penalty Shots
David Perron, Nicklas Backstrom, Logan Couture, Travis Zajac, Milan Michalek

Scratches
None

Bruins

5 vs 5 Forward 
   Center                   Left Wing                Right Wing               Time % Phy DF OF 
 1 Henrik Sedin             Wojtek Wolski            Nathan Horton            40     1   2  2  
 2 Tim Connolly             Viktor Stalberg          Victor Oreskovich        30     1   2  2  
 3 Dave Bolland             Matt Cooke               Rene Bourque             20     1   2  2  
 4 Casey Cizikas            Kris Chucko              Nikolai Zherdev          10     1   2  2  

5 vs 5 Defense 
   Defense                  Defense                                           Time % Phy DF OF 
 1 Jason Demers             Shane O'Brien                                     40     1   2  2  
 2 Andrew Alberts           Cam Fowler                                        30     1   2  2  
 3 Nate Prosser             Kevin Bieksa                                      20     1   2  2  
 4 Jason Demers             Shane O'Brien                                     10     1   2  2  

PowerPlay Forward 
   Center                   Left Wing                Right Wing               Time % Phy DF OF 
 1 Henrik Sedin             Wojtek Wolski            Nathan Horton            60     1   2  2  
 2 Tim Connolly             Matt Cooke               Victor Oreskovich        40     1   2  2  

PowerPlay Defense
   Defense                  Defense                                           Time % Phy DF OF 
 1 Jason Demers             Shane O'Brien                                     60     1   2  2  
 2 Andrew Alberts           Cam Fowler                                        40     1   2  2  

Penalty Kill 4 Players Forward 
   Center                   Wing                     Time % Phy DF OF 
 1 Wojtek Wolski            Henrik Sedin             60     1   2  2  
 2 Tim Connolly             Nathan Horton            40     1   2  2  

Penalty Kill 4 Players Defense
   Defense                  Defense                  Time % Phy DF OF 
 1 Jason Demers             Shane O'Brien            60     1   2  2  
 2 Andrew Alberts           Cam Fowler               40     1   2  2  

Penalty Kill - 3 Players Forward 
   Forward                                           Time % Phy DF OF 
 1 Wojtek Wolski                                     60     1   2  2  
 2 Henrik Sedin                                      40     1   2  2  

Penalty Kill - 3 Players Defense
   Defense                  Defense                  Time % Phy DF OF 
 1 Jason Demers             Shane O'Brien            60     1   2  2  
 2 Andrew Alberts           Cam Fowler               40     1   2  2  

4 vs 4 Forward 
   Center                   Wing                     Time % Phy DF OF 
 1 Wojtek Wolski            Henrik Sedin             60     1   2  2  
 2 Tim Connolly             Nathan Horton            40     1   2  2  

4 vs 4 Defense
   Defense                  Defense                  Time % Phy DF OF 
 1 Jason Demers             Shane O'Brien            60     1   2  2  
 2 Andrew Alberts           Cam Fowler               40     1   2  2  

Last Minutes Offensive
   Center                   Left Wing                Right Wing               Defense                  Defense                  
   Henrik Sedin             Wojtek Wolski            Nathan Horton            Jason Demers             Shane O'Brien            

Last Minutes Defensive
   Center                   Left Wing                Right Wing               Defense                  Defense                  
   Henrik Sedin             Wojtek Wolski            Nathan Horton            Jason Demers             Shane O'Brien            

Goaltenders
Starting : Kevin Poulin             
Backup : Craig Anderson           

Extra Forwards
Normal : Dave Bolland, Viktor Stalberg, Rene Bourque - PP : Dave Bolland, Viktor Stalberg - PK : Rene Bourque
Extra Defensemen
Normal : Nate Prosser, Kevin Bieksa, Andrew Alberts - PP : Nate Prosser - PK : Kevin Bieksa, Andrew Alberts
Penalty Shots
Wojtek Wolski, Henrik Sedin, Tim Connolly, Nathan Horton, Victor Oreskovich

Scratches
None


% Time on Ice - Blues

Lines # - Real PCT - Wanted PCT - Time Play
Normal Forward
1 - 36% - 40% - 15:45
2 - 30% - 30% - 12:54
3 - 20% - 20% - 8:50
4 - 14% - 10% - 6:07
Normal Defense
1 - 39% - 40% - 16:52
2 - 31% - 30% - 13:24
3 - 25% - 20% - 10:51
4 - 6% - 10% - 2:29
PP Forward
1 - 61% - 60% - 1:24
2 - 39% - 40% - 0:54
PP Defense
1 - 64% - 60% - 1:29
2 - 36% - 40% - 0:49
PK Forward
1 - 69% - 60% - 8:38
2 - 31% - 40% - 3:48
PK Defense
1 - 58% - 60% - 7:12
2 - 42% - 40% - 5:14
PK3 Forward
1 - 0% - 60%
2 - 0% - 40%
PK3 Defense
1 - 0% - 60%
2 - 0% - 40%
44 Forward
1 - 72% - 60% - 1:12
2 - 28% - 40% - 0:28
44 Defense
1 - 69% - 60% - 1:09
2 - 31% - 40% - 0:31
Last Minute Offensive  - 0:00
Last Minute Defensive  - 0:00
Total
Forward - 60:00
Defense - 60:00

% Time on Ice - Bruins

Lines # - Real PCT - Wanted PCT - Time Play
Normal Forward
1 - 31% - 40% - 13:24
2 - 30% - 30% - 12:52
3 - 21% - 20% - 9:17
4 - 18% - 10% - 8:03
Normal Defense
1 - 40% - 40% - 17:24
2 - 29% - 30% - 12:30
3 - 28% - 20% - 12:01
4 - 4% - 10% - 1:41
PP Forward
1 - 57% - 60% - 7:02
2 - 43% - 40% - 5:24
PP Defense
1 - 63% - 60% - 7:53
2 - 37% - 40% - 4:33
PK Forward
1 - 100% - 60% - 2:18
2 - 0% - 40% - 0:00
PK Defense
1 - 58% - 60% - 1:20
2 - 42% - 40% - 0:58
PK3 Forward
1 - 0% - 60%
2 - 0% - 40%
PK3 Defense
1 - 0% - 60%
2 - 0% - 40%
44 Forward
1 - 72% - 60% - 1:12
2 - 28% - 40% - 0:28
44 Defense
1 - 60% - 60% - 1:00
2 - 40% - 40% - 0:40
Last Minute Offensive  - 0:00
Last Minute Defensive  - 0:00
Total
Forward - 60:00
Defense - 60:00

Play by Play

1st period


0:01 of 1st period - Henrik Sedin wins face-off versus Nicklas Backstrom in neutral zone.
0:10 of 1st period - Wrist shot by Wojtek Wolski.
0:10 of 1st period - Stopped by Ray Emery with a rebound.
0:16 of 1st period - Wojtek Wolski is hit by Alex Pietrangelo and loses puck.
0:34 of 1st period - Snap shot by Travis Zajac.
0:34 of 1st period - Stopped by Kevin Poulin with a rebound.
0:36 of 1st period - Slapshot by Alex Pietrangelo.
0:36 of 1st period - Deflect By Jason Demers.
0:36 of 1st period - Stopped by Kevin Poulin with a rebound.
1:29 of 1st period - Off-side.
1:30 of 1st period - Nicklas Backstrom wins face-off versus Nathan Horton in neutral zone.
1:56 of 1st period - Sergei Shirokov is hit by Viktor Stalberg and loses puck.
2:05 of 1st period - Snap shot by Viktor Stalberg.
2:05 of 1st period - Deflect By Travis Zajac.
2:05 of 1st period - Shot Misses the Net.
2:05 of 1st period - Puck is out of play.
2:06 of 1st period - Nicklas Backstrom wins face-off versus Dave Bolland in Blues zone.
2:21 of 1st period - Off-side.
2:22 of 1st period - Sergei Shirokov wins face-off versus Victor Oreskovich in neutral zone.
3:27 of 1st period - Off-side.
3:28 of 1st period - Casey Cizikas wins face-off versus Linus Omark in neutral zone.
3:31 of 1st period - Slapshot by Kevin Bieksa.
3:31 of 1st period - Deflect By Kris Chucko.
3:31 of 1st period - Deflect By Nick Leddy.
3:31 of 1st period - Stopped by Ray Emery with a rebound.
3:57 of 1st period - Slapshot by Nick Leddy.
3:57 of 1st period - Stopped by Kevin Poulin without a rebound.
3:58 of 1st period - Henrik Sedin wins face-off versus David Perron in Bruins zone.
4:35 of 1st period - Wrist shot by Tim Connolly.
4:35 of 1st period - Deflect By Viktor Stalberg.
4:35 of 1st period - Stopped by Ray Emery with a rebound.
4:37 of 1st period - Snap shot by Viktor Stalberg.
4:37 of 1st period - Stopped by Ray Emery with a rebound.
4:39 of 1st period - Slapshot by Viktor Stalberg.
4:39 of 1st period - Shot Misses the Net.
4:49 of 1st period - Shane O'Brien is hit by Patrick Kaleta and loses puck.
5:38 of 1st period - Wrist shot by Henrik Sedin.
5:38 of 1st period - Stopped by Ray Emery with a rebound.
5:54 of 1st period - Wrist shot by Milan Michalek.
5:54 of 1st period - Stopped by Kevin Poulin with a rebound.
6:07 of 1st period - Victor Oreskovich is hit by Patrick Kaleta and loses puck.
6:22 of 1st period - Jason Demers is hit by Filip Forsberg and loses puck.
6:39 of 1st period - Shane O'Brien is hit by George Parros and loses puck.
6:48 of 1st period - Yann Sauvé is hit by Cam Fowler and loses puck.
7:21 of 1st period - Andrew Alberts is hit by Sergei Shirokov and loses puck.
7:26 of 1st period - Snap shot by Travis Zajac.
7:26 of 1st period - Stopped by Kevin Poulin without a rebound.
7:27 of 1st period - Henrik Sedin wins face-off versus Travis Zajac in Bruins zone.
7:42 of 1st period - Wojtek Wolski is hit by Travis Zajac and loses puck.
7:47 of 1st period - Slapshot by Alex Pietrangelo.
7:47 of 1st period - Shot Misses the Net.
7:57 of 1st period - Wrist shot by Travis Zajac.
7:57 of 1st period - Shot Misses the Net.
8:21 of 1st period - Snap shot by Wojtek Wolski.
8:21 of 1st period - Deflect By Nick Leddy.
8:21 of 1st period - Stopped by Ray Emery with a rebound.
8:27 of 1st period - Wrist shot by Henrik Sedin.
8:27 of 1st period - Stopped by Ray Emery without a rebound.
8:28 of 1st period - Tim Connolly wins face-off versus Nicklas Backstrom in Blues zone.
8:37 of 1st period - Wrist shot by Tim Connolly.
8:37 of 1st period - Stopped by Ray Emery without a rebound.
8:38 of 1st period - Tim Connolly wins face-off versus Nicklas Backstrom in Blues zone.
8:51 of 1st period - Wrist shot by Tim Connolly.
8:51 of 1st period - Stopped by Ray Emery without a rebound.
8:52 of 1st period - Tim Connolly wins face-off versus David Perron in Blues zone.
9:05 of 1st period - Slapshot by David Perron.
9:05 of 1st period - Shot Misses the Net.
9:07 of 1st period - Slapshot by Jason Pominville.
9:07 of 1st period - Shot Misses the Net.
9:09 of 1st period - Snap shot by David Perron.
9:09 of 1st period - Goal by David Perron - Blues : 1 - Bruins : 0.
9:10 of 1st period - Nicklas Backstrom wins face-off versus Henrik Sedin in neutral zone.
9:17 of 1st period - Snap shot by Wojtek Wolski.
9:17 of 1st period - Shot Misses the Net.
9:37 of 1st period - Nathan Horton is hit by Jake Gardiner and loses puck.
9:46 of 1st period - Snap shot by Travis Zajac.
9:46 of 1st period - Deflect By Filip Forsberg.
9:46 of 1st period - Stopped by Kevin Poulin with a rebound.
9:48 of 1st period - Wrist shot by Travis Zajac.
9:48 of 1st period - Stopped by Kevin Poulin without a rebound.
9:49 of 1st period - Tim Connolly wins face-off versus Logan Couture in Bruins zone.
10:35 of 1st period - Minor Penalty to Nikolai Zherdev for Hooking.
10:36 of 1st period - Wojtek Wolski wins face-off versus Nicklas Backstrom in Bruins zone.
10:49 of 1st period - Snap shot by Henrik Sedin.
10:49 of 1st period - Goal by Henrik Sedin - Blues : 1 - Bruins : 1.
10:50 of 1st period - Wojtek Wolski wins face-off versus Nicklas Backstrom in neutral zone.
10:54 of 1st period - Minor Penalty to Jason Pominville for High sticking.
10:55 of 1st period - Nicklas Backstrom wins face-off versus Wojtek Wolski in Blues zone.
11:04 of 1st period - Wrist shot by David Perron.
11:04 of 1st period - Shot Misses the Net.
12:35 of 1st period - Penalty to Nikolai Zherdev is over, Nikolai Zherdev is back on ice.
12:48 of 1st period - Jason Demers is hit by Yann Sauvé and loses puck.
12:54 of 1st period - Penalty to Jason Pominville is over, Jason Pominville is back on ice.
13:22 of 1st period - Wrist shot by Tim Connolly.
13:22 of 1st period - Stopped by Ray Emery with a rebound.
13:24 of 1st period - Snap shot by Tim Connolly.
13:24 of 1st period - Shot Blocked by Jason Pominville.
13:26 of 1st period - Snap shot by Shane O'Brien.
13:26 of 1st period - Shot Misses the Net.
13:28 of 1st period - Snap shot by Shane O'Brien.
13:28 of 1st period - Stopped by Ray Emery with a rebound.
13:32 of 1st period - Wrist shot by Tim Connolly.
13:32 of 1st period - Stopped by Ray Emery without a rebound.
13:33 of 1st period - Dave Bolland wins face-off versus Travis Zajac in Blues zone.
14:29 of 1st period - Minor Penalty to Alex Pietrangelo for Hooking.
14:30 of 1st period - Henrik Sedin wins face-off versus Logan Couture in Blues zone.
14:40 of 1st period - Snap shot by Wojtek Wolski.
14:40 of 1st period - Shot Blocked by Bryce Lampman.
14:42 of 1st period - Slapshot by Andrew Alberts.
14:42 of 1st period - Goal by Andrew Alberts - Blues : 1 - Bruins : 2.
14:43 of 1st period - Henrik Sedin wins face-off versus Nicklas Backstrom in neutral zone.
15:09 of 1st period - Jason Demers is hit by Jake Gardiner and loses puck.
15:18 of 1st period - Snap shot by Tim Connolly.
15:18 of 1st period - Shot Misses the Net.
15:57 of 1st period - Snap shot by Wojtek Wolski.
15:57 of 1st period - Shot Misses the Net.
16:50 of 1st period - Yann Sauvé is hit by Jason Demers and loses puck.
17:16 of 1st period - Bryce Lampman is hit by Andrew Alberts and loses puck.
17:40 of 1st period - Icing by Cody Ceci.
17:41 of 1st period - Nicklas Backstrom wins face-off versus Henrik Sedin in Blues zone.
17:41 of 1st period - Nicklas Backstrom is hit by Wojtek Wolski.
17:51 of 1st period - Wrist shot by David Perron.
17:51 of 1st period - Goal by David Perron - Blues : 2 - Bruins : 2.
17:52 of 1st period - Nicklas Backstrom wins face-off versus Henrik Sedin in neutral zone.
17:57 of 1st period - Slapshot by Alex Pietrangelo.
17:57 of 1st period - Shot Misses the Net.
17:59 of 1st period - Slapshot by Jason Pominville.
17:59 of 1st period - Deflect By David Perron.
17:59 of 1st period - Stopped by Kevin Poulin without a rebound.
18:00 of 1st period - Henrik Sedin wins face-off versus Nicklas Backstrom in Bruins zone.
18:07 of 1st period - Nicklas Backstrom is hit by Shane O'Brien and loses puck.
19:13 of 1st period - Wrist shot by David Perron.
19:13 of 1st period - Stopped by Kevin Poulin without a rebound.
19:14 of 1st period - Travis Zajac wins face-off versus Tim Connolly in Bruins zone.
19:27 of 1st period - Victor Oreskovich is hit by Bryce Lampman and loses puck.
19:40 of 1st period - Cam Fowler is hit by Logan Couture and loses puck.
19:47 of 1st period - Snap shot by Logan Couture.
19:47 of 1st period - Stopped by Kevin Poulin with a rebound.
19:49 of 1st period - Wrist shot by Patrick Kaleta.
19:49 of 1st period - Shot Blocked by Matt Cooke.
19:51 of 1st period - Snap shot by Nick Leddy.
19:51 of 1st period - Stopped by Kevin Poulin without a rebound.
19:52 of 1st period - Tim Connolly wins face-off versus Travis Zajac in Bruins zone.
Goals for this period are 2 for Blues vs 2 for Bruins.
Shots for this period are 13 for Blues vs 14 for Bruins.

2nd period


0:01 of 2nd period - Henrik Sedin wins face-off versus Logan Couture in neutral zone.
0:06 of 2nd period - Wrist shot by Henrik Sedin.
0:06 of 2nd period - Stopped by Ray Emery with a rebound.
0:10 of 2nd period - Wrist shot by Wojtek Wolski.
0:10 of 2nd period - Deflect By Nathan Horton.
0:10 of 2nd period - Shot Misses the Net.
0:10 of 2nd period - Puck is out of play.
0:11 of 2nd period - Travis Zajac wins face-off versus Henrik Sedin in Blues zone.
0:38 of 2nd period - Alex Pietrangelo is hit by Tim Connolly and loses puck.
1:05 of 2nd period - Yann Sauvé is hit by Shane O'Brien and loses puck.
1:40 of 2nd period - Slapshot by Bryce Lampman.
1:40 of 2nd period - Deflect By Sergei Shirokov.
1:40 of 2nd period - Stopped by Kevin Poulin without a rebound.
1:41 of 2nd period - Travis Zajac wins face-off versus Henrik Sedin in Bruins zone.
1:50 of 2nd period - Backhand shot by Filip Forsberg.
1:50 of 2nd period - Stopped by Kevin Poulin with a rebound.
1:52 of 2nd period - Snap shot by Travis Zajac.
1:52 of 2nd period - Deflect By Filip Forsberg.
1:52 of 2nd period - Shot Misses the Net.
1:52 of 2nd period - Puck is out of play.
1:53 of 2nd period - Nicklas Backstrom wins face-off versus Henrik Sedin in Bruins zone.
2:32 of 2nd period - Travis Zajac is hit by Matt Cooke and loses puck.
2:49 of 2nd period - Wrist shot by Patrick Kaleta.
2:49 of 2nd period - Stopped by Kevin Poulin without a rebound.
2:50 of 2nd period - Logan Couture wins face-off versus Wojtek Wolski in Bruins zone.
2:53 of 2nd period - Wrist shot by Milan Michalek.
2:53 of 2nd period - Stopped by Kevin Poulin with a rebound.
2:55 of 2nd period - Snap shot by Milan Michalek.
2:55 of 2nd period - Stopped by Kevin Poulin with a rebound.
2:57 of 2nd period - Snap shot by Patrick Kaleta.
2:57 of 2nd period - Stopped by Kevin Poulin with a rebound.
3:15 of 2nd period - Logan Couture is hit by Shane O'Brien and loses puck.
3:50 of 2nd period - Snap shot by Casey Cizikas.
3:50 of 2nd period - Stopped by Ray Emery with a rebound.
3:52 of 2nd period - Wrist shot by Casey Cizikas.
3:52 of 2nd period - Deflect By Kris Chucko.
3:52 of 2nd period - Stopped by Ray Emery with a rebound.
4:08 of 2nd period - Wrist shot by Victor Oreskovich.
4:08 of 2nd period - Stopped by Ray Emery with a rebound.
4:28 of 2nd period - Snap shot by Milan Michalek.
4:28 of 2nd period - Shot Misses the Net.
4:30 of 2nd period - Slapshot by Alex Pietrangelo.
4:30 of 2nd period - Stopped by Kevin Poulin with a rebound.
5:21 of 2nd period - Wrist shot by Patrick Kaleta.
5:21 of 2nd period - Shot Blocked by Andrew Alberts.
5:23 of 2nd period - Wrist shot by Patrick Kaleta.
5:23 of 2nd period - Goal by Patrick Kaleta - Blues : 3 - Bruins : 2.
5:24 of 2nd period - Henrik Sedin wins face-off versus Nicklas Backstrom in neutral zone.
5:37 of 2nd period - Slapshot by Henrik Sedin.
5:37 of 2nd period - Shot Misses the Net.
5:51 of 2nd period - Matt Cooke is hit by Filip Forsberg and loses puck.
6:41 of 2nd period - Snap shot by Rene Bourque.
6:41 of 2nd period - Stopped by Ray Emery with a rebound.
7:06 of 2nd period - Andrew Alberts is hit by Cody Ceci and loses puck.
7:27 of 2nd period - Minor Penalty to Jason Pominville for Goalie Interference.
7:28 of 2nd period - Henrik Sedin wins face-off versus Nicklas Backstrom in Blues zone.
7:35 of 2nd period - Snap shot by Nathan Horton.
7:35 of 2nd period - Shot Misses the Net.
7:37 of 2nd period - Slapshot by Jason Demers.
7:37 of 2nd period - Stopped by Ray Emery without a rebound.
7:38 of 2nd period - Nicklas Backstrom wins face-off versus Henrik Sedin in Blues zone.
7:59 of 2nd period - Snap shot by Henrik Sedin.
7:59 of 2nd period - Shot Misses the Net.
8:01 of 2nd period - Slapshot by Shane O'Brien.
8:01 of 2nd period - Stopped by Ray Emery without a rebound.
8:02 of 2nd period - Tim Connolly wins face-off versus Logan Couture in Blues zone.
8:34 of 2nd period - Bryce Lampman is hit by Jason Demers and loses puck.
9:07 of 2nd period - Tim Connolly is hit by Milan Michalek.
9:27 of 2nd period - Penalty to Jason Pominville is over, Jason Pominville is back on ice.
10:17 of 2nd period - Minor Penalty to Jason Pominville for High sticking.
10:18 of 2nd period - Logan Couture wins face-off versus Henrik Sedin in Blues zone.
10:18 of 2nd period - Logan Couture is hit by Henrik Sedin.
11:58 of 2nd period - Slapshot by Travis Zajac.
11:58 of 2nd period - Shot Blocked by Jason Demers.
12:00 of 2nd period - Snap shot by Travis Zajac.
12:00 of 2nd period - Goal by Travis Zajac - Blues : 4 - Bruins : 2.
12:01 of 2nd period - Henrik Sedin wins face-off versus Logan Couture in neutral zone.
12:17 of 2nd period - Penalty to Jason Pominville is over, Jason Pominville is back on ice.
12:27 of 2nd period - Off-side.
12:28 of 2nd period - Tim Connolly wins face-off versus Travis Zajac in neutral zone.
12:33 of 2nd period - Wrist shot by Victor Oreskovich.
12:33 of 2nd period - Shot Misses the Net.
13:12 of 2nd period - Minor Penalty to Sergei Shirokov for Elbowing.
13:13 of 2nd period - Logan Couture wins face-off versus Henrik Sedin in Blues zone.
14:11 of 2nd period - Icing by Tim Connolly.
14:12 of 2nd period - Travis Zajac wins face-off versus Tim Connolly in Bruins zone.
15:12 of 2nd period - Penalty to Sergei Shirokov is over, Sergei Shirokov is back on ice.
15:26 of 2nd period - Nick Leddy is hit by Shane O'Brien and loses puck.
15:45 of 2nd period - Snap shot by Shane O'Brien.
15:45 of 2nd period - Stopped by Ray Emery without a rebound.
15:46 of 2nd period - Dave Bolland wins face-off versus Nicklas Backstrom in Blues zone.
15:56 of 2nd period - Minor Penalty to David Perron for Cross-checking.
15:57 of 2nd period - Henrik Sedin wins face-off versus Logan Couture in Blues zone.
16:00 of 2nd period - Snap shot by Nathan Horton.
16:00 of 2nd period - Stopped by Ray Emery without a rebound.
16:01 of 2nd period - Henrik Sedin wins face-off versus Logan Couture in Blues zone.
16:17 of 2nd period - Snap shot by Henrik Sedin.
16:17 of 2nd period - Stopped by Ray Emery with a rebound.
16:33 of 2nd period - Wrist shot by Victor Oreskovich.
16:33 of 2nd period - Shot Blocked by Bryce Lampman.
16:35 of 2nd period - Snap shot by Matt Cooke.
16:35 of 2nd period - Stopped by Ray Emery with a rebound.
17:52 of 2nd period - Milan Michalek is hit by Dave Bolland and loses puck.
17:56 of 2nd period - Penalty to David Perron is over, David Perron is back on ice.
18:09 of 2nd period - Snap shot by David Perron.
18:09 of 2nd period - Stopped by Kevin Poulin with a rebound.
18:11 of 2nd period - Slapshot by Alex Pietrangelo.
18:11 of 2nd period - Stopped by Kevin Poulin with a rebound.
18:13 of 2nd period - Slapshot by Bryce Lampman.
18:13 of 2nd period - Deflect By Andrew Alberts.
18:13 of 2nd period - Stopped by Kevin Poulin without a rebound.
18:14 of 2nd period - Dave Bolland wins face-off versus Nicklas Backstrom in Bruins zone.
18:14 of 2nd period - Dave Bolland is hit by Jason Pominville.
18:25 of 2nd period - Slapshot by David Perron.
18:25 of 2nd period - Stopped by Kevin Poulin with a rebound.
18:27 of 2nd period - Slapshot by Cody Ceci.
18:27 of 2nd period - Deflect By Rene Bourque.
18:27 of 2nd period - Stopped by Kevin Poulin without a rebound.
18:28 of 2nd period - Tim Connolly wins face-off versus Travis Zajac in Bruins zone.
18:32 of 2nd period - Off-side.
18:33 of 2nd period - Travis Zajac wins face-off versus Tim Connolly in neutral zone.
18:56 of 2nd period - Minor Penalty to Nick Leddy for Boarding.
18:57 of 2nd period - Nathan Horton wins face-off versus Logan Couture in Blues zone.
19:13 of 2nd period - Slapshot by Shane O'Brien.
19:13 of 2nd period - Stopped by Ray Emery with a rebound.
Goals for this period are 2 for Blues vs 0 for Bruins.
Shots for this period are 14 for Blues vs 12 for Bruins.

3rd period


0:01 of 3rd period - Henrik Sedin wins face-off versus Logan Couture in neutral zone.
0:06 of 3rd period - Wrist shot by Wojtek Wolski.
0:06 of 3rd period - Deflect By Henrik Sedin.
0:06 of 3rd period - Stopped by Ray Emery without a rebound.
0:07 of 3rd period - Henrik Sedin wins face-off versus Logan Couture in Blues zone.
0:12 of 3rd period - Snap shot by Henrik Sedin.
0:12 of 3rd period - Shot Blocked by Bryce Lampman.
0:14 of 3rd period - Slapshot by Jason Demers.
0:14 of 3rd period - Stopped by Ray Emery with a rebound.
0:16 of 3rd period - Wrist shot by Henrik Sedin.
0:16 of 3rd period - Deflect By Nathan Horton.
0:16 of 3rd period - Shot Misses the Net.
0:16 of 3rd period - Puck is out of play.
0:17 of 3rd period - Henrik Sedin wins face-off versus Logan Couture in Blues zone.
0:56 of 3rd period - Penalty to Nick Leddy is over, Nick Leddy is back on ice.
1:09 of 3rd period - Bryce Lampman is hit by Andrew Alberts and loses puck.
1:30 of 3rd period - Snap shot by Matt Cooke.
1:30 of 3rd period - Stopped by Ray Emery with a rebound.
2:02 of 3rd period - Snap shot by Nicklas Backstrom.
2:02 of 3rd period - Deflect By Jason Pominville.
2:02 of 3rd period - Shot Misses the Net.
2:02 of 3rd period - Puck is out of play.
2:03 of 3rd period - Nicklas Backstrom wins face-off versus Tim Connolly in Bruins zone.
2:40 of 3rd period - Wrist shot by Jason Pominville.
2:40 of 3rd period - Stopped by Kevin Poulin without a rebound.
2:41 of 3rd period - Travis Zajac wins face-off versus Henrik Sedin in Bruins zone.
2:50 of 3rd period - Wojtek Wolski is hit by Sergei Shirokov and loses puck.
3:37 of 3rd period - Wrist shot by Linus Omark.
3:37 of 3rd period - Shot Misses the Net.
4:41 of 3rd period - Slapshot by Patrick Kaleta.
4:41 of 3rd period - Stopped by Kevin Poulin with a rebound.
4:43 of 3rd period - Slapshot by Bryce Lampman.
4:43 of 3rd period - Stopped by Kevin Poulin without a rebound.
4:44 of 3rd period - David Perron wins face-off versus Henrik Sedin in Bruins zone.
5:09 of 3rd period - Cody Ceci is hit by Kris Chucko and loses puck.
5:30 of 3rd period - Snap shot by Jason Pominville.
5:30 of 3rd period - Goal by Jason Pominville - Blues : 5 - Bruins : 2.
5:31 of 3rd period - Henrik Sedin wins face-off versus Travis Zajac in neutral zone.
5:39 of 3rd period - Slapshot by Alex Pietrangelo.
5:39 of 3rd period - Stopped by Kevin Poulin with a rebound.
5:41 of 3rd period - Wrist shot by Travis Zajac.
5:41 of 3rd period - Deflect By Filip Forsberg.
5:41 of 3rd period - Stopped by Kevin Poulin with a rebound.
5:43 of 3rd period - Snap shot by Filip Forsberg.
5:43 of 3rd period - Stopped by Kevin Poulin without a rebound.
5:44 of 3rd period - Nicklas Backstrom wins face-off versus Henrik Sedin in Bruins zone.
5:44 of 3rd period - Alex Pietrangelo is hit by Jason Demers and loses puck.
6:21 of 3rd period - Slapshot by Alex Pietrangelo.
6:21 of 3rd period - Shot Blocked by Shane O'Brien.
6:23 of 3rd period - Slapshot by Sergei Shirokov.
6:23 of 3rd period - Stopped by Kevin Poulin without a rebound.
6:24 of 3rd period - Henrik Sedin wins face-off versus Nicklas Backstrom in Bruins zone.
6:26 of 3rd period - Minor Penalty to Wojtek Wolski for Hooking.
6:27 of 3rd period - Rene Bourque wins face-off versus Nicklas Backstrom in Bruins zone.
6:54 of 3rd period - Travis Zajac is hit by Casey Cizikas and loses puck.
8:07 of 3rd period - Kris Chucko is hit by Alex Pietrangelo and loses puck.
8:26 of 3rd period - Penalty to Wojtek Wolski is over, Wojtek Wolski is back on ice.
8:35 of 3rd period - Victor Oreskovich is hit by Logan Couture and loses puck.
8:52 of 3rd period - Kevin Bieksa is hit by Linus Omark and loses puck.
9:23 of 3rd period - Wrist shot by Henrik Sedin.
9:23 of 3rd period - Deflect By Nathan Horton.
9:23 of 3rd period - Stopped by Ray Emery without a rebound.
9:24 of 3rd period - Henrik Sedin wins face-off versus Tomas Plekanec in Blues zone.
9:26 of 3rd period - Minor Penalty to Yann Sauvé for Hooking.
9:27 of 3rd period - Henrik Sedin wins face-off versus Logan Couture in Blues zone.
11:26 of 3rd period - Penalty to Yann Sauvé is over, Yann Sauvé is back on ice.
11:27 of 3rd period - Yann Sauvé is hit by Matt Cooke and loses puck.
12:03 of 3rd period - Kevin Bieksa is hit by Jake Gardiner.
12:11 of 3rd period - Wrist shot by Rene Bourque.
12:11 of 3rd period - Stopped by Ray Emery with a rebound.
12:27 of 3rd period - Wrist shot by Filip Forsberg.
12:27 of 3rd period - Shot Blocked by Kevin Bieksa.
12:29 of 3rd period - Snap shot by Sergei Shirokov.
12:29 of 3rd period - Stopped by Kevin Poulin without a rebound.
12:30 of 3rd period - Travis Zajac wins face-off versus Wojtek Wolski in Bruins zone.
12:57 of 3rd period - Jason Pominville is hit by Kris Chucko and loses puck.
14:54 of 3rd period - Yann Sauvé is hit by Nate Prosser and loses puck.
15:06 of 3rd period - Icing by Viktor Stalberg.
15:07 of 3rd period - Sergei Shirokov wins face-off versus Victor Oreskovich in Bruins zone.
15:08 of 3rd period - Slapshot by Alex Pietrangelo.
15:08 of 3rd period - Deflect By Sergei Shirokov.
15:08 of 3rd period - Shot Misses the Net.
15:08 of 3rd period - Puck is out of play.
15:09 of 3rd period - Travis Zajac wins face-off versus Henrik Sedin in Bruins zone.
15:10 of 3rd period - Snap shot by Filip Forsberg.
15:10 of 3rd period - Shot Blocked by Jason Demers.
15:12 of 3rd period - Slapshot by Travis Zajac.
15:12 of 3rd period - Shot Misses the Net.
15:45 of 3rd period - Snap shot by Viktor Stalberg.
15:45 of 3rd period - Stopped by Ray Emery without a rebound.
15:46 of 3rd period - Travis Zajac wins face-off versus Henrik Sedin in Blues zone.
15:46 of 3rd period - Sergei Shirokov is hit by Nathan Horton and loses puck.
16:11 of 3rd period - Andrew Alberts is hit by Jason Pominville and loses puck.
16:34 of 3rd period - Wrist shot by Nikolai Zherdev.
16:34 of 3rd period - Stopped by Ray Emery without a rebound.
16:35 of 3rd period - Logan Couture wins face-off versus Casey Cizikas in Blues zone.
17:09 of 3rd period - Shane O'Brien is hit by Milan Michalek and loses puck.
17:32 of 3rd period - Snap shot by Patrick Kaleta.
17:32 of 3rd period - Shot Misses the Net.
17:46 of 3rd period - Backhand shot by Milan Michalek.
17:46 of 3rd period - Stopped by Kevin Poulin without a rebound.
17:47 of 3rd period - Henrik Sedin wins face-off versus Nicklas Backstrom in Bruins zone.
18:17 of 3rd period - Slapshot by Yann Sauvé.
18:17 of 3rd period - Deflect By David Perron.
18:17 of 3rd period - Shot Blocked by Andrew Alberts.
18:17 of 3rd period - Puck is out of play.
18:18 of 3rd period - Dave Bolland wins face-off versus Filip Forsberg in Bruins zone.
18:33 of 3rd period - Slapshot by Yann Sauvé.
18:33 of 3rd period - Stopped by Kevin Poulin without a rebound.
18:34 of 3rd period - Nicklas Backstrom wins face-off versus Henrik Sedin in Bruins zone.
18:43 of 3rd period - David Perron is hit by Nathan Horton and loses puck.
19:59 of 3rd period - Nathan Horton is hit by Linus Omark and loses puck.
Goals for this period are 1 for Blues vs 0 for Bruins.
Shots for this period are 11 for Blues vs 7 for Bruins.